 Dungeon Crawl Stone Soup version 0.23.2-33-g5129a83184 (webtiles) character file.

Game seed: 4990180561568227119

90 Turist the Sneak (level 4, -5/22 HPs)
             Began as a Spriggan Enchanter on June 23, 2019.
             Slain by Grinder (6 damage)
             ... while paralysed by Grinder
             ... on level 3 of the Dungeon on June 28, 2019.
             The game lasted 00:16:13 (3669 turns).

Turist the Sneak (Spriggan Enchanter)               Turns: 3669, Time: 00:16:14

Health: -5/22      AC:  2    Str:  4    XL:     4   Next: 32%
Magic:  2/9        EV:  4    Int: 17    God:
Gold:   60         SH:  0    Dex: 16    Spells: 2/8 levels left

rFire    . . .     SeeInvis +   a - +1 dagger
rCold    . . .     Gourm    .   (shield restricted)
rNeg     . . .     Faith    .   b - +0 robe
rPois    .         Spirit   .   r - +0 hat
rElec    .         Reflect  .   (no cloak)
rCorr    .         Harm     .   (gloves unavailable)
MR       .....                  (boots unavailable)
Stlth    +++.......             (no amulet)
HPRegen  0.07/turn              (no ring)
MPRegen  0.11/turn              (no ring)

@: paralysed, very quick
A: very small, unfitting armour, see invisible, herbivore, speed 3, slow
metabolism 2
a: no special abilities


You were on level 3 of the Dungeon.
You were very hungry.

You visited 1 branch of the dungeon, and saw 4 of its levels.

You collected 60 gold pieces.

Inventory:

Hand Weapons
 a - a +1 dagger (weapon)
 l - a +0 short sword
Missiles
 j - 47 stones (quivered)
Armour
 b - a +0 robe (worn)
 r - a +0 hat (worn)
Jewellery
 c - an uncursed amulet of harm {unknown}
 q - an uncursed ring of see invisible {unknown}
Scrolls
 e - 2 scrolls of magic mapping
 f - a scroll of fear {unknown}
 i - 2 scrolls of teleportation
 k - a scroll of amnesia {unknown}
 m - 2 scrolls of remove curse {unknown}
 p - a scroll of identify {unknown}
Potions
 g - 2 potions of brilliance {unknown}
 h - a potion of ambrosia {unknown}
 n - a potion of lignification {unknown}
 o - a potion of curing
 s - a potion of degeneration {unknown}
Comestibles
 d - 4 rations


   Skills:
 + Level 1.4 Fighting
 * Level 2.6 Short Blades
 + Level 4.1 Dodging
 - Level 5.4 Stealth
 - Level 2.6 Spellcasting
 + Level 3.6 Hexes


You had 2 spell levels left.
You knew the following spells:

 Your Spells              Type           Power        Failure   Level  Hunger
a - Corona                Hex            ##.....      4%          1    #......
b - Confuse               Hex            ##......     12%         3    ###....
c - Ensorcelled Hibernat  Hex/Ice        #.....       13%         2    ##.....

Your spell library contained the following spells:

 Spells                   Type           Power        Failure   Level  Hunger
 Tukima's Dance           Hex            ##......     12%         3    ###....
 Dazzling Spray           Conj/Hex       #.....       26%         3    ###....


Dungeon Overview and Level Annotations

Branches:
Dungeon (4/15)
 Temple: D:4-7

Altars:

Annotations:
D:3 Grinder


Innate Abilities, Weirdness & Mutations

You are very small and have problems with some larger weapons.
You are too small for most types of armour.
You have supernaturally acute eyesight. (SInv)
You are a herbivore.
You cover ground extremely quickly.
You need to consume almost no food.


Message History

a +0 club; an orc corpse
There is an open door here.
A goblin comes into view.
The goblin moves out of view.
Grinder comes into view.
Okay, then.
Press: ? - help, v - describe, . - travel
Here: Grinder An open door.
As you read the scroll of teleportation, it crumbles to dust.
You feel strangely unstable. Grinder gestures at you.
You suddenly lose the ability to move!
The orc hits you with a +0 flail. The orc barely misses you.
The orc hits you with a +0 flail.
Your surroundings seem slightly different.
Grinder hits you!
* * * LOW HITPOINT WARNING * * *
Grinder hits you.
You die...

*****######### *,,,*#.......# ###
*,,,*#.....(.# #.. *,,,*#.......#
#.. **** *,,,*#.......# #..
,,,******,,,*#..)....# #..
**,,,,,,,,,,*#..@.o.§# #.(
,*,,,,,,,,,.##[.5....######## #..
,,,,,,,,,,,.'......o.'..)...###..
,*,,,,,,,...##.......######..##..
**,,,,,,...,*#.####### ##.####
,*,,,,,,.#***##*,**,** #.##
,*,,,,,,,* **≈≈,,*≈* #.)#
,*,***********,,*,≈,,**######.###
,,,,,,,,,,,,*,,**,,,**⌠#.....>).#


You could see Grinder and 2 orcs.

Vanquished Creatures
  An orc wizard (D:3)
  An adder (D:2)
  A dart slug (D:3)
  A leopard gecko (D:2)
  4 orcs (D:3)
  7 bats
  3 giant cockroaches
  8 goblins
  7 hobgoblins (D:1)
  A frilled lizard (D:2)
  7 kobolds
  5 rats
46 creatures vanquished.

Notes
Turn   | Place    | Note
-------+----------+-------------------------------------------
     0 | D:1      | Turist the Spriggan Enchanter began the quest for the Orb.
     0 | D:1      | Reached XP level 1. HP: 9/9 MP: 5/5
    62 | D:1      | Upgraded the game from 0.23.2-30-g0e89c35649 to
                  | 0.23.2-33-g5129a83184
   470 | D:1      | Reached XP level 2. HP: 12/14 MP: 6/6
  1370 | D:1      | Reached skill level 5 in Stealth
  1805 | D:2      | Reached XP level 3. HP: 17/17 MP: 8/8
  1899 | D:2      | Reached skill level 1 in Fighting
  3065 | D:3      | Reached XP level 4. HP: 21/22 MP: 9/9
  3295 | D:4      | Learned a level 3 spell: Confuse
  3298 | D:4      | Learned a level 2 spell: Ensorcelled Hibernation
  3661 | D:3      | Noticed Grinder
  3664 | D:3      | Paralysed by Grinder for 7 turns
  3668 | D:3      | HP: 1/22 [Grinder (7)]
  3669 | D:3      | Slain by Grinder

Skill      XL: |  1  2  3 |
---------------+----------+-----
Stealth        | 5 |  5.4
Fighting       | 1 |  1.4
Short Blades   | 2 |  2.6
Dodging        | 4 |  4.1
Spellcasting   | |  2.6
Hexes          | |  3.6

Action                   |  1- 3 |  4- 6 || total
-------------------------+-------+-------++-------
Melee: Dagger            |   205 |    28 ||   233
Throw: Stone             |    13 |       ||    13
 Cast: Confuse           |       |     4 ||     4
  Use: Scroll            |     2 |     1 ||     3
 Stab: Sleeping          |    13 |     1 ||    14
       Distracted        |     3 |       ||     3
       Confused          |       |     1 ||     1
Armor: Robe              |    23 |       ||    23
Dodge: Dodged            |   163 |    17 ||   180
